 Dungeon Crawl Stone Soup version 0.31-a0-233-g139696dc86 (webtiles) character file.

Game seed: 3313047727789612979

1946 qw the Skirmisher (level 8, 0/73 HPs)
             Began as a Minotaur Hexslinger on July 7, 2023.
             Slain by Menkaure (10 damage)
             ... on level 7 of the Dungeon.
             The game lasted 00:02:34 (6803 turns).

qw the Skirmisher (Minotaur Hexslinger)             Turns: 6803, Time: 00:02:34

Health: 0/73       AC:  9    Str: 14    XL:     8   Next: 98%
Magic:  8/8        EV: 11    Int: 10    God:
Gold:   331        SH:  0    Dex: 14    Spells: 8/9 levels left

rFire   + . .        h - +0 orcbow
rCold   . . .        (shield currently unavailable)
rNeg    + . .        m - +1 ring mail {rN+}
rPois   .            (helmet restricted)
rElec   .            (no cloak)
rCorr   .            e - +0 pair of gloves
SInv    .            f - +0 pair of boots
Will    .....        c - amulet of faith
Stlth   +            k - ring of protection from fire
HPRegen 0.32/turn    (no ring)
MPRegen 0.11/turn

%: faith
@: no status effects
A: horns 2, retaliatory headbutt
a: no special abilities


You were on level 7 of the Dungeon.
You visited 2 branches of the dungeon, and saw 8 of its levels.

You collected 331 gold pieces.


Innate Abilities, Weirdness & Mutations

You have a pair of horns on your head.
You reflexively headbutt those who attack you in melee.


   Skills:
 - Level 7.0 Fighting
 + Level 10.4 Ranged Weapons
 - Level 3.2 Armour
 - Level 3.6 Dodging
 - Level 1.0 Spellcasting
 - Level 2.0 Hexes


You had 8 spell levels left.
You knew the following spells:

 Your Spells              Type           Power      Damage    Failure   Level
a - Slow                  Hex            16%        N/A       30%         1

Your spell library contained the following spells:

 Spells                   Type           Power      Damage    Failure   Level
 Inner Flame              Hex/Fire       2%         N/A       80%         3
 Portal Projectile        Hex/Tloc       4%         N/A       80%         3
 Cause Fear               Hex            2%         N/A       96%         4

Inventory:

Hand Weapons
 h - a +0 orcbow (weapon)
Armour
 e - a +0 pair of gloves (worn)
 f - a +0 pair of boots (worn)
 m - a +1 ring mail of positive energy (worn)
Jewellery
 c - an amulet of faith (around neck)
 g - a ring of protection from cold
 k - a ring of protection from fire (left hand)
Scrolls
 a - a scroll of identify
Potions
 b - a potion of haste
 d - 4 potions of mutation
 j - 2 potions of curing
 n - a potion of resistance
 o - a potion of might {unknown}

Dungeon Overview and Level Annotations

Branches:
Dungeon (7/15)             Temple (1/1) D:4

Altars:
Ashenzari
Cheibriados
Dithmenos
Elyvilon
Fedhas
Hepliaklqana
Kikubaaqudgha
Makhleb
Nemelex Xobeh
Qazlal
Ru
Trog
Uskayaw
Vehumet
Wu Jian
Xom
Yredelemnul
Zin
The Shining One

Shops:
D:1 =

Annotations:
D:7 Menkaure


Message History

Something is bathed in an unholy light!
The centaur convulses!
Your body is wracked with pain!
The centaur shoots an arrow.
The arrow closely misses you.
Enter note:
Enter note: You shoot an arrow.
The arrow closely misses the centaur.
The centaur shoots an arrow.
The arrow hits you!
The orc priest begins to cast a cantrip, but forgets the words!
You shoot an arrow. The orc priest miscasts a cantrip.
You shoot an arrow.
The arrow completely misses the centaur.
The arrow hits Menkaure!
Menkaure is severely damaged.
Something hits you but does no damage.
The orc priest casts a cantrip, but nothing happens.
The orc wizard casts a spell at you.
The puff of flame hits something!
Reactivating autopickup.
You feel a bit more experienced.
The centaur unwields a +0 shortbow.
The centaur hits you.
The centaur kicks you but does no damage.
You shoot an arrow. The arrow hits the centaur!
The centaur is almost dead.
The centaur barely misses you. The centaur kicks you.
You shoot an arrow. The arrow hits the centaur!
You kill the centaur!
Menkaure barely misses you.
You shoot an arrow. The arrow closely misses Menkaure.
The arrow barely misses the orc wizard.
Menkaure hits you!
The orc wizard hits you but does no damage.
6802 ||| DRINKING potion of heal wounds.
You feel much better. Menkaure misses you.
The orc wizard hits you with a +0 dagger.
You shoot an arrow. The arrow hits Menkaure!
Menkaure is almost destroyed.
Menkaure hits you! x2
You die...

#........ #.......# ..
..#.#...##.. ## #.....o.#.#
...##..)..#...##..
#....#...#.#..#..
#.....o#.........
##..oM#.........
#....@..........
#.................
#......###).........
..#.....#.).#........ .. .
#........##..#........ # ...
..>........#..#...#...# ###...
#.....?..)..#......#..#
.#...... #...........#.........
.......###..........)#......#.#


You could see Menkaure (fast), an orc priest and an orc wizard.

Vanquished Creatures
  Edmund (D:6)
  An ice beast (D:6)
  3 sky beasts (D:6)
  3 black bears
  An ogre (D:2)
  4 centaurs
  A phantom (D:5)
  2 scorpions
  A howler monkey (D:5)
  4 hounds
  2 orc priests
  A jelly (D:4)
  Ijyb (D:5)
  4 sleepcaps
  An orc wizard (D:7)
  6 gnolls
  3 adders
  2 white imps
  An ufetubus (D:5)
  2 worms
  20 orcs
  10 ball pythons
  3 bats
  12 endoplasms
  2 giant cockroaches
  5 goblins
  10 hobgoblins
  2 jackals (D:2)
  4 quokkas
  3 frilled lizards
  7 kobolds
  20 rats (D:3)
142 creatures vanquished.

Vanquished Creatures (others)
  An orc wizard (D:7)
1 creature vanquished.

Grand Total: 143 creatures vanquished

Notes
Turn   | Place    | Note
-------+----------+-------------------------------------------
     0 | D:1      | qw the Minotaur Hexslinger began the quest for the Orb.
     0 | D:1      | Reached XP level 1. HP: 16/16 MP: 1/1
     0 | D:1      | 0 ||| qw: Version: 0.3-a-46-gb1f654a
     0 | D:1      | 0 ||| qw: Game counter: 3269
     0 | D:1      | 0 ||| qw: Melee chars always use a shield: true
     0 | D:1      | 0 ||| qw: God list: Okawaru
     0 | D:1      | 0 ||| qw: Allow faded altars: false
     0 | D:1      | 0 ||| qw: Do Orc after clearing Dungeon:15 true
     0 | D:1      | 0 ||| qw: Do second Lair branch before Depths: true
     0 | D:1      | 0 ||| qw: Lair rune preference: random
     0 | D:1      | 0 ||| qw: Goals: Normal
     0 | D:1      | 0 ||| PLANNING D:1-11
    71 | D:1      | HP: 3/16 [goblin/+0 club (4)]
   217 | D:1      | Reached skill level 3 in Ranged Weapons
   217 | D:1      | Reached XP level 2. HP: 18/23 MP: 2/2
   570 | D:1      | 570 ||| UPGRADING to +0 pair of boots.
   580 | D:1      | Found Yroext's Jewellery Emporium.
   588 | D:1      | 588 ||| SHOPLISTING +4 ring of protection (360 gold, have
                  | 75).
   588 | D:1      | 588 ||| SHOPLISTING +5 ring of evasion (360 gold, have 75).
   588 | D:1      | 588 ||| SHOPLISTING +6 ring of dexterity (360 gold, have
                  | 75).
   588 | D:1      | 588 ||| SHOPLISTING amulet of faith (400 gold, have 75).
   588 | D:1      | 588 ||| SHOPLISTING amulet of reflection (300 gold, have
                  | 75).
   588 | D:1      | 588 ||| SHOPLISTING amulet of regeneration (300 gold, have
                  | 75).
   588 | D:1      | 588 ||| SHOPLISTING ring of protection from fire (250 gold,
                  | have 75).
   786 | D:1      | 786 ||| DROPPING ring of flight.
   787 | D:1      | 787 ||| READING 4 scrolls labelled BARHITHA QELIR.
   788 | D:1      | 788 ||| READING 3 scrolls of identify.
   788 | D:1      | 788 ||| IDENTIFYING lumpy ruby potion
   789 | D:1      | 789 ||| DROPPING scroll of poison.
   915 | D:2      | Reached XP level 3. HP: 29/29 MP: 3/3
  1107 | D:2      | Reached skill level 4 in Ranged Weapons
  1110 | D:2      | HP: 7/29 [poisoned by an adder]
  1386 | D:2      | Noticed an ogre
  1395 | D:2      | Killed an ogre
  1396 | D:2      | Reached skill level 5 in Ranged Weapons
  1396 | D:2      | Reached XP level 4. HP: 12/36 MP: 4/4
  1592 | D:2      | Reached XP level 5. HP: 38/41 MP: 5/5
  1909 | D:2      | Found a faded altar of an unknown god.
  1913 | D:2      | 1913 ||| UPGRADING to +0 pair of gloves.
  1918 | D:2      | 1918 ||| UPGRADING to +0 leather armour.
  1928 | D:2      | 1928 ||| DROPPING +0 robe.
  1929 | D:2      | 1929 ||| READING scroll labelled FUISOREUNA.
  1930 | D:2      | 1930 ||| READING 2 scrolls of identify.
  1930 | D:2      | 1930 ||| IDENTIFYING glowing pink potion
  2403 | D:3      | Reached skill level 3 in Fighting
  2509 | D:3      | Reached skill level 1 in Armour
  3118 | D:3      | 3118 ||| UPGRADING to amulet of faith.
  3123 | D:3      | 3123 ||| UPGRADING to ring of protection from fire.
  3124 | D:3      | 3124 ||| READING scroll labelled CIWUEGECRO.
  3201 | D:3      | 3201 ||| DRINKING 2 bubbling blue potions.
  3202 | D:3      | 3202 ||| READING 3 scrolls of identify.
  3202 | D:3      | 3202 ||| IDENTIFYING fizzy cyan potion
  3203 | D:3      | 3203 ||| READING 2 scrolls of identify.
  3203 | D:3      | 3203 ||| IDENTIFYING black potion
  3204 | D:3      | 3204 ||| DROPPING potion of degeneration.
  3205 | D:3      | 3205 ||| DROPPING potion of attraction.
  3221 | D:4      | Found a staircase to the Ecumenical Temple.
  3222 | D:4      | 3222 ||| PLANNING TEMPLE
  3228 | Temple   | Entered the Ecumenical Temple
  3392 | Temple   | 3392 ||| PLANNING D:1-11
  3524 | D:4      | Reached skill level 6 in Ranged Weapons
  3614 | D:4      | Noticed a black bear
  3626 | D:4      | Killed a black bear
  3627 | D:4      | Reached XP level 6. HP: 27/53 MP: 6/6
  3759 | D:4      | Found a snail-covered altar of Cheibriados.
  3759 | D:4      | Found a blossoming altar of Fedhas.
  4406 | D:4      | 4406 ||| UPGRADING to +1 ring mail of positive energy.
  4416 | D:4      | 4416 ||| DROPPING +0 leather armour.
  4417 | D:4      | 4417 ||| READING scroll labelled MICZIKHUPUA.
  4518 | D:4      | 4518 ||| READING scroll labelled GOUS GEARUYPPA.
  4519 | D:4      | 4519 ||| READING scroll labelled YTUUGY XOF LAKKAMM.
  4520 | D:4      | 4520 ||| READING scroll labelled WAUNOKL FUUWKA.
  4521 | D:4      | 4521 ||| READING 3 scrolls of identify.
  4521 | D:4      | 4521 ||| IDENTIFYING coppery potion
  4522 | D:4      | 4522 ||| READING 2 scrolls of identify.
  4522 | D:4      | 4522 ||| IDENTIFYING murky black potion
  4536 | D:5      | Entered Level 5 of the Dungeon
  4542 | D:5      | 4542 ||| STAIRDANCE
  4547 | D:4      | Reached skill level 7 in Ranged Weapons
  4615 | D:5      | Reached XP level 7. HP: 60/60 MP: 7/7
  4626 | D:5      | Noticed Ijyb
  4630 | D:5      | Paralysed by Ijyb for 4 turns
  4645 | D:5      | Killed Ijyb
  4706 | D:5      | 4706 ||| FLEEEEING.
  4707 | D:5      | 4707 ||| FLEEEEING.
  4708 | D:5      | 4708 ||| STAIRDANCE
  4725 | D:4      | 4725 ||| DRINKING 2 red potions.
  4726 | D:4      | 4726 ||| DRINKING 4 potions of curing.
  4726 | D:4      | 4726 ||| (to cure confusion)
  4727 | D:4      | 4727 ||| DROPPING potion of ambrosia.
  4732 | D:5      | 4732 ||| STAIRDANCE
  4786 | D:5      | 4786 ||| STAIRDANCE
  4833 | D:5      | Reached skill level 8 in Ranged Weapons
  5046 | D:5      | Found a radiant altar of Vehumet.
  5047 | D:5      | 5047 ||| SWAPPING to +0 shortbow.
  5048 | D:5      | 5048 ||| DROPPING +1 sling of flaming.
  5460 | D:6      | HP: 15/61 [something (6)]
  5471 | D:6      | 5471 ||| DRINKING 2 potions of heal wounds.
  5616 | D:6      | Reached skill level 9 in Ranged Weapons
  5616 | D:6      | Reached XP level 8. HP: 68/68 MP: 8/8
  5770 | D:6      | Reached skill level 6 in Fighting
  5809 | D:6      | HP: 14/71 [centaur/arrow (6)]
  5810 | D:6      | 5810 ||| DRINKING 3 potions of curing.
  5810 | D:6      | 5810 ||| (to cure poison)
  5823 | D:6      | Reached skill level 3 in Dodging
  6308 | D:6      | Noticed Edmund
  6335 | D:6      | Killed Edmund
  6523 | D:6      | Reached skill level 10 in Ranged Weapons
  6624 | D:6      | 6624 ||| READING scroll labelled HINGENG GINTOONK.
  6625 | D:6      | 6625 ||| READING scroll labelled SEIBBYQIAR.
  6649 | D:7      | Reached skill level 3 in Armour
  6742 | D:7      | 6742 ||| SWAPPING to +0 orcbow.
  6743 | D:7      | 6743 ||| DROPPING +1 shortbow.
  6792 | D:7      | Noticed Menkaure
  6795 | D:7      | 6795 ||| Stepping ~*~*~tactically~*~*~ (outnumbered).
  6801 | D:7      | HP: 3/73 [Menkaure (17)]
  6802 | D:7      | 6802 ||| DRINKING potion of heal wounds.
  6803 | D:7      | Slain by Menkaure

Levels and vault maps discovered:
D:1:      scummos_arrival_simple_fountains, layout_basic, serial_shops,
          nicolae_shop_advertising_works [nicolae_subvault_shop_adworks],
          minmay_misc_feat_tower
D:2:      layout_loops_corners, shapermc_ecumenical_altar_hornbeckon
D:3:      layout_basic, minmay_misc_feat_rugged,
          nicolae_concentric_dashed_squares_mild, chequers_serial_rivers_room_a,
          minmay_rat_hole
D:4:      layout_basic, amethyst_overflow_temple_binary,
          minmay_temple_entry_trees, chequers_serial_rivers_small_a,
          nicolae_houndstooth_variations
D:5:      layout_cave_pools, mainiacjoe_overflow_brackets, uniq_ijyb
D:6:      layout_rooms, uniq_edmund
D:7:      layout_cave_pools, uniq_menkaure, uniq_pikel
Temple:   nicolae_temple_slightly_damp_pantheon

Skill      XL: |  1  2  3  4  5  6  7  8 |
---------------+-------------------------+-----
Ranged Weapons | 3 5 6 7 9 10 | 10.4
Fighting       | 2 4 5 7 |  7.0
Armour         | 1 2 3 |  3.2
Dodging        | 3 |  3.6
Spellcasting   | |  1.0
Hexes          | |  2.0

Action                     |  1- 3 |  4- 6 |  7- 9 || total
---------------------------+-------+-------+-------++-------
   Fire: Sling             |   106 |   206 |    79 ||   391
         Shortbow          |       |       |   209 ||   209
         Orcbow            |       |       |    34 ||    34
    Use: Scroll            |     2 |    11 |     2 ||    15
         Potion            |       |     1 |     5 ||     6
 Armour: Robe              |    10 |     5 |       ||    15
         Leather armour    |       |    17 |       ||    17
         Ring mail         |       |    11 |    93 ||   104
  Dodge: Dodged            |    20 |    81 |    92 ||   193

Table legend:
 A = Non-vault XP
 B = Vault XP
 C = Vault XP percentage of total XP
 D = Non-vault monster count
 E = Vault monster count
 F = Vault count percentage of total count
                 A         B        C        D         E       F
            +---------+---------+-------+---------+---------+-------
      Total |    2566 |     214 |   7.7 |     122 |      21 |  14.7
            +---------+---------+-------+---------+---------+-------
        D:1 |      31 |       0 |   0.0 |      17 |       0 |   0.0
        D:2 |     190 |       0 |   0.0 |      25 |       0 |   0.0
        D:3 |      50 |      20 |  28.6 |      18 |      19 |  51.4
        D:4 |     429 |       0 |   0.0 |      20 |       0 |   0.0
        D:5 |     492 |      36 |   6.8 |      17 |       1 |   5.6
        D:6 |     928 |     158 |  14.5 |      12 |       1 |   7.7
        D:7 |     446 |       0 |   0.0 |      13 |       0 |   0.0
            +---------+---------+-------+---------+---------+-------
